 Dungeon Crawl Stone Soup version 0.31-a0-102-g33a4ccc0cb (webtiles) character file.

Game seed: 14888941956987008444

6038 voltaire321 the Nimble (level 10, -6/80 HPs)
             Began as a Merfolk Venom Mage on May 26, 2023.
             Was a Priest of Wu Jian.
             Killed by the air
             ... invoked by Gastronok
              (33 damage)
             ... on level 9 of the Dungeon.
             The game lasted 00:28:09 (9043 turns).

voltaire321 the Nimble (Merfolk Venom Mage)         Turns: 9043, Time: 00:28:10

Health: -6/80      AC: 15    Str:  9    XL:     10   Next: 86%
Magic:  14/20      EV: 35    Int: 13    God:    Wu Jian [***...]
Gold:   1109       SH:  0    Dex: 25    Spells: 15/22 levels left

rFire   + . .        L - +4 scimitar (flame)
rCold   . . .        (no shield)
rNeg    + . .        A - +3 leather armour {rPois}
rPois   +            G - +0 helmet
rElec   .            d - +2 ratskin cloak {*Rats rPois rN+ Str-1 Int-1 Dex+1}
rCorr   .            e - +0 pair of gloves
SInv    .            y - +2 pair of boots
Will    .....        j - amulet of the acrobat
Stlth   ++           r - +6 ring of dexterity
HPRegen 0.33/turn    I - ring of protection from fire
MPRegen 0.17/turn

%: acrobat
@: acrobatic
A: (nimble swimmer 2), mertail
a: Renounce Religion, Wall Jump, Serpent's Lash


You were on level 9 of the Dungeon.
You worshipped Wu Jian.
Wu Jian was most pleased with you.
You visited 2 branches of the dungeon, and saw 10 of its levels.

You collected 1109 gold pieces.

Inventory:

Hand Weapons
 w - the +2 rapier "Takigryng" {drain, Str+4 SInv Stlth-}
   (You took it off an orc on level 4 of the Dungeon)

   Str:       It affects your strength (+4).
   SInv:      It lets you see invisible.
   Stlth:     It makes you less stealthy.
 B - a +0 rapier of protection
 L - a +4 scimitar of flaming (weapon)
Missiles
 u - 4 curare-tipped darts
Armour
 d - the +2 ratskin cloak (worn) {*Rats rPois rN+ Str-1 Int-1 Dex+1}
   (You found it on level 6 of the Dungeon)

   *Rats:     When the wearer is hurt, rats may emerge from it to assist them.
   Str:       It affects your strength (-1).
   Int:       It affects your intelligence (-1).
   Dex:       It affects your dexterity (+1).
   rPois:     It protects you from poison.
   rN:        It protects you from negative energy.
 e - a +0 pair of gloves (worn)
 i - a +2 cloak
 t - a +1 ring mail of fire resistance
 y - a +2 pair of boots (worn)
 A - a +3 leather armour of poison resistance (worn)
 G - a +0 helmet (worn)
Jewellery
 j - an amulet of the acrobat (around neck)
 r - a +6 ring of dexterity (left hand)
 F - a ring of flight
 I - a ring of protection from fire (right hand)
 J - a ring of positive energy
Wands
 p - a wand of light (9)
 q - a wand of iceblast (13)
 C - a wand of paralysis (7)
 D - a wand of mindburst (5)
Scrolls
 g - a scroll of fear
 h - 4 scrolls of identify
 m - a scroll of blinking
 n - 2 scrolls of fog
 s - 4 scrolls of teleportation
 E - a scroll of amnesia
Potions
 a - a potion of berserk rage {unknown}
 b - a potion of magic
 c - 4 potions of curing
 v - 2 potions of mutation
 x - a potion of might
 z - 3 potions of lignification
 K - a potion of heal wounds


   Skills:
 + Level 7.7 Fighting
 * Level 2.0 Long Blades
 - Level 5.0 Armour
 + Level 9.8 Dodging
 - Level 2.1 Stealth
 + Level 6.8 Spellcasting
 - Level 2.0 Transmutations
 + Level 8.7 Poison Magic


You had 15 spell levels left.
You knew the following spells:

 Your Spells              Type           Power      Damage    Failure   Level
a - Sting                 Tmut/Pois      64%        1d6       3%          1
b - Poisonous Vapours     Pois/Air       26%        N/A       8%          2
c - Olgreb's Toxic Radia  Pois           27%        N/A       5%          4

Your spell library contained the following spells:

 Spells                   Type           Power      Damage    Failure   Level
 Foxfire                  Conj/Fire      8%         2x1d4     28%         1
 Shock                    Conj/Air       8%         1d3       28%         1
 Blink                    Tloc           8%         N/A       30%         2
 Lesser Beckoning         Tloc           8%         N/A       30%         2
 Mephitic Cloud           Conj/Pois/Air  9%         N/A       30%         3
 Momentum Strike          Conj/Tloc      4%         3d8       41%         2
 Swiftness                Air            4%         N/A       52%         3
 Inner Flame              Hex/Fire       2%         N/A       65%         3
 Airstrike                Air            2%         2d(1-17)  90%         4
 Flame Wave               Conj/Fire      2%         2d4       96%         4
 Sticky Flame             Conj/Fire      2%         2d3       96%         4
 Fireball                 Conj/Fire      1%         3d3       100%        5
 Plasma Beam              Fire/Air       1%         2x1d12    100%        6
 Starburst                Conj/Fire      1%         6d3       100%        6


Dungeon Overview and Level Annotations

Branches:
Dungeon (9/15)             Temple (1/1) D:4             Orc (0/2) D:9
   Lair: D:8-11

Altars:
Ashenzari
Cheibriados
Dithmenos
Elyvilon
Fedhas
Kikubaaqudgha
Makhleb
Nemelex Xobeh
Okawaru
Qazlal
Ru
Sif Muna
Uskayaw
Vehumet
Wu Jian
Yredelemnul
Zin
The Shining One

Shops:
D:6 [   D:9 ([

Annotations:
D:9 Gastronok


Innate Abilities, Weirdness & Mutations

((You are very nimble when in or above water. (Stealth+, EV+, Speed+++)))
Your lower body shifts to a powerful aquatic tail in water.


Message History

You feel a bit more experienced.
The centaur hits you but does no damage.
The centaur misses you. The centaur barely misses you.
The centaur kicks you but does no damage.
The orc warrior barely misses you.
Gastronok makes a strange noise.
Gastronok waves his eye-stalks in wide circles.
The air twists around and strikes you!!
You barely miss the troll.
The troll is lightly wounded.
The centaur hits you but does no damage.
The centaur completely misses you. The troll closely misses you.
The troll completely misses you. The troll claws you.
The orc warrior misses you. The centaur barely misses you.
The centaur kicks you. The troll bites you. The troll completely misses you.
The troll claws you but does no damage. The orc warrior barely misses you.
You hit the troll. You burn the troll.
The troll is lightly wounded.
You kill the centaur!
The Council accepts your kill.
You kill the orc warrior!
The Council accepts your kill.
Gastronok casts a spell.
Gastronok puts on a burst of speed!
The troll completely misses you. The troll closely misses you. x2
Your Long Blades skill increases to level 1!
You slash the troll! You burn the troll.
The troll is severely wounded.
The troll misses you. The troll closely misses you. x2
You slash the troll! You burn the troll.
You kill the troll!
The Council accepts your kill.
The troll leather armour is intact enough to wear.
Gastronok waves his eye-stalks in wide circles.
The air twists around and strikes you!
Your Long Blades skill increases to level 2!
Items here: )) [[[ †††.
Gastronok waves his eye-stalks in wide circles.
The air twists around and strikes you!!
You die...

....).# ......##########
.).....#.......#
.#######.......#
'#.....#.......#
...###.#.......#
...###.#.......#######.#
.......#######'#........
#...>.........)[@)......
..###'#.......).........
###...#........)........
..#...#.................
..#...#..w......########
.######.........'. .#
..#.........#...
.##...#'#########...
.'...... ..


You could see Gastronok (swift, very poisoned).

Vanquished Creatures
  Erica (D:8)
  A cyclops (D:8)
  A troll (D:9)
  A wyvern (D:9)
  Eustachio (D:5)
  A steam dragon (D:7)
  Menkaure (D:5)
  Edmund (D:5)
  2 water moccasins (D:6)
  2 black bears
  5 orc warriors
  A sky beast (D:7)
  3 ogres
  3 centaurs
  2 kobold brigands
  4 bullfrogs
  2 scorpions
  A vampire bat (D:5)
  2 howler monkeys (D:9)
  3 hounds
  3 orc priests
  2 iguanas (D:4)
  A jelly (D:6)
  4 sleepcaps
  Natasha (D:2)
  8 orc wizards
  5 hell rats (D:6)
  Ijyb (D:3)
  A gnoll (D:1)
  12 river rats (D:6)
  9 adders
  3 shadow imps
  2 white imps
  A worm (D:4)
  3 fire bats (D:5)
  38 orcs
  2 spectral bats (D:5)
  9 bats (D:5)
  3 bat skeletons (D:5)
  A bat zombie (D:5)
  6 endoplasms
  2 giant cockroaches (D:4)
  6 goblins
  5 hobgoblins (D:1)
  16 jackals
  5 quokkas
  4 ball pythons
  A bat simulacrum (D:5)
  A goblin skeleton (D:7)
  A goblin zombie (D:7)
  2 hobgoblin zombies (D:7)
  11 kobolds
  2 orc skeletons (D:7)
  7 rats
216 creatures vanquished.

Vanquished Creatures (collateral kills)
  A two-headed ogre (D:9)
  A wyvern (D:8)
  A steam dragon (D:7)
  A centaur (D:9)
4 creatures vanquished.

Vanquished Creatures (others)
  An orc (D:7)
1 creature vanquished.

Grand Total: 221 creatures vanquished

Notes
Turn   | Place    | Note
-------+----------+-------------------------------------------
     0 | D:1      | voltaire321 the Merfolk Venom Mage began the quest for the
                  | Orb.
     0 | D:1      | Reached XP level 1. HP: 13/13 MP: 3/3
   329 | D:1      | Reached XP level 2. HP: 15/20 MP: 3/5
   573 | D:1      | Reached skill level 3 in Dodging
   672 | D:1      | Reached XP level 3. HP: 13/25 MP: 1/6
   966 | D:1      | Reached skill level 1 in Fighting
   978 | D:1      | Learned a level 2 spell: Poisonous Vapours
  1167 | D:2      | Noticed Natasha
  1181 | D:2      | Killed Natasha
  1182 | D:2      | Reached XP level 4. HP: 16/32 MP: 2/7
  1262 | D:2      | Reached skill level 1 in Armour
  1432 | D:2      | Found a faded altar of an unknown god.
  1533 | D:2      | You fall into a shaft and drop 1 floor!
  1923 | D:2      | Learned a level 4 spell: Olgreb's Toxic Radiance
  2231 | D:3      | Noticed Ijyb
  2250 | D:3      | Killed Ijyb
  2251 | D:3      | Reached XP level 5. HP: 30/38 MP: 0/8
  2852 | D:4      | Reached skill level 4 in Dodging
  3110 | D:4      | Found an ornate altar of the Wu Jian Council.
  3212 | D:4      | Reached XP level 6. HP: 34/46 MP: 2/10
  3303 | D:4      | Identified the +2 rapier "Takigryng" {drain, Str+4 SInv
                  | Stlth-}
  3827 | D:4      | Found a blossoming altar of Fedhas.
  3829 | D:4      | Found a basalt altar of Yredelemnul.
  3922 | D:4      | Became a worshipper of the Wu Jian Council
  3972 | D:4      | Found a staircase to the Ecumenical Temple.
  3982 | Temple   | Entered the Ecumenical Temple
  4156 | D:5      | Entered Level 5 of the Dungeon
  4180 | D:5      | Noticed Eustachio
  4209 | D:5      | Killed Eustachio
  4210 | D:5      | Reached skill level 5 in Dodging
  4210 | D:5      | Reached XP level 7. HP: 38/52 MP: 10/12
  4376 | D:5      | Reached skill level 5 in Poison Magic
  4840 | D:5      | Reached * piety under Wu Jian
  5004 | D:5      | Reached XP level 8. HP: 59/60 MP: 9/14
  5138 | D:5      | Noticed Menkaure
  5145 | D:5      | Killed Menkaure
  5227 | D:5      | Noticed Edmund
  5240 | D:5      | Killed Edmund
  5241 | D:5      | Reached skill level 6 in Dodging
  5617 | D:6      | Found Puxefeff's Antique Armour Shop.
  5888 | D:6      | Reached skill level 5 in Fighting
  5898 | D:6      | Reached skill level 7 in Dodging
  5898 | D:6      | Reached XP level 9. HP: 19/63 MP: 8/16
  6069 | D:6      | Found the +2 ratskin cloak {*Rats rPois rN+ Str-1 Int-1
                  | Dex+1}
  6170 | D:6      | Reached ** piety under Wu Jian
  6171 | D:6      | Reached skill level 5 in Spellcasting
  6530 | D:6      | Found a sparkling altar of Nemelex Xobeh.
  6990 | D:7      | Reached skill level 8 in Dodging
  7130 | D:7      | Found a glowing golden altar of the Shining One.
  7136 | D:7      | Reached *** piety under Wu Jian
  7421 | D:8      | Found a glowing silver altar of Zin.
  7496 | D:8      | Reached XP level 10. HP: 76/77 MP: 18/18
  7857 | D:8      | Noticed a cyclops
  7864 | D:8      | Killed a cyclops
  7959 | D:8      | Noticed Erica
  7970 | D:8      | Killed Erica
  7971 | D:8      | Reached skill level 9 in Dodging
  8165 | D:9      | Identified a scroll of acquirement
  8165 | D:9      | Acquired 688 gold pieces
  8383 | D:9      | Noticed a two-headed ogre
  8392 | D:9      | Killed a two-headed ogre
  8393 | D:9      | Reached skill level 5 in Armour
  8562 | D:9      | Found Loughec's Armour Shop.
  8564 | D:9      | Found a staircase to the Orcish Mines.
  8565 | D:9      | Found Mathread's Weapon Shop.
  8627 | D:9      | Found a burning altar of Makhleb.
  8634 | D:9      | Found a stormy altar of Qazlal.
  8719 | D:9      | Noticed Gastronok
  9040 | D:9      | Reached skill level 1 in Long Blades
  9043 | D:9      | Killed from afar by Gastronok

Illustrated notes

Levels and vault maps discovered:
D:1:      dpeg_arrival_concentric_ovals, layout_basic, minivault_4,
          minmay_tripent
D:2:      layout_basic, shapermc_ecumenical_altar_mp_vishouse, uniq_natasha
D:3:      layout_basic, uniq_ijyb
D:4:      layout_rooms, mainiacjoe_overflow_alcove_2, minitemple, temple_hall
D:5:      nicolae_cairo_tiling_large, layout_basic, goddamned_bats, uniq_edmund,
          uniq_eustachio, uniq_menkaure
D:6:      wander_guarded_unrand_ratskin, layout_cave_pods,
          nemelex_dance_club_becter, serial_shops, shop,
          kennysheep_generic_room_9
D:7:      layout_basic, nicolae_tso_besieged_by_evil
D:8:      layout_basic, zin_academy, uniq_erica
D:9:      layout_stronghold, lemuel_doored_altar,
          mainiacjoe_overflow_large_starburst, lemuel_tele_altar, orc_david_3,
          uniq_gastronok, uniq_psyche
Temple:   hellmonk_temple_beads

Skill      XL: |  1  2  3  4  5  6  7  8  9 10 |
---------------+-------------------------------+-----
Dodging        | 3 4 5 7 8 9 |  9.8
Transmutations | 2 |  2.0
Fighting       | 1 2 3 5 6 7 |  7.7
Armour         | 1 2 3 4 5 |  5.0
Poison Magic   | 4 5 6 7 8 |  8.7
Spellcasting   | 3 4 5 6 |  6.8
Long Blades    | 2 |  2.0
Stealth        | |  2.1

Action                     |  1- 3 |  4- 6 |  7- 9 | 10-12 || total
---------------------------+-------+-------+-------+-------++-------
  Melee: Short sword       |    39 |   153 |       |       ||   192
         Unarmed           |     3 |       |       |       ||     3
         Punch             |     1 |     1 |     6 |     3 ||    11
         Rapier            |       |    49 |   325 |    69 ||   443
         Scimitar          |       |       |       |    14 ||    14
   Cast: Sting             |    24 |    91 |    22 |       ||   137
         Olgreb's Toxic Ra |       |       |     5 |     5 ||    10
         Poisonous Vapours |       |       |     2 |     3 ||     5
Ability: Lunge             |       |     1 |    12 |     4 ||    17
         Whirlwind         |       |       |     5 |     5 ||    10
  Evoke: Wand              |       |       |     2 |     1 ||     3
    Use: Scroll            |       |       |     7 |    11 ||    18
         Potion            |       |       |     2 |       ||     2
   Stab: Sleeping          |     4 |     3 |     1 |     2 ||    10
         Invisible         |       |       |     1 |       ||     1
         Paralysed         |       |       |       |     4 ||     4
 Armour: Robe              |     7 |    43 |       |       ||    50
         Ring mail         |       |    56 |       |       ||    56
         Leather armour    |       |       |   164 |    25 ||   189
  Dodge: Dodged            |    30 |   213 |   433 |   146 ||   822

Table legend: (Time is in decaauts)
 A = Elapsed time spent in this place.
 B = Non-inter-level travel time spent in this place.
 C = Inter-level travel time spent in this place.
 D = Time resting spent in this place.
 E = Time spent auto-exploring this place.
 F = Levels seen in this place.
 G = Mean time per level.
                   A        B        C        D        E       F      G
               +--------+--------+--------+--------+--------+-----+--------+
         Total |   9117 |   8758 |    359 |   1567 |   5031 |  10 |  911.7 |
       Dungeon |   9009 |   8650 |    359 |   1567 |   4947 |   9 | 1001.0 |
        Temple |    107 |    107 |      0 |      0 |     84 |   1 |  107.0 |
               +--------+--------+--------+--------+--------+-----+--------+

Top non-repeatable levels by time:
     D:5: 1318 daAuts
     D:6: 1251 daAuts
     D:4: 1245 daAuts
     D:1: 1139 daAuts
     D:8: 1095 daAuts
     D:2: 978 daAuts
     D:3: 679 daAuts
     D:9: 651 daAuts
     D:7: 650 daAuts
  Temple: 107 daAuts
